Map: Frozen Temple

Players

MuricanHero

  • Race: Terran Terran
  • League: Diamond

VLMorphism - Winner!

  • Race: Terran Terran

VOD

Have the link to the VOD?

Description

Time

  • Played on: April 28, 2016, 4:35 p.m.
  • Length: 5:55
Show
View Real Time Build Order
Export as new Build Order

MuricanHero Terran 

Build Orders: Liberator Opening, Reaper Expand 

Get SALT Encoding   

  12  0:01  SCV  
  13  0:13  SCV  
  14  0:18  Supply Depot  
  14  0:25  SCV  
  14  0:28  Refinery  
  15  0:40  SCV  
  16  0:46  Barracks  
  16  0:52  SCV  
  17  1:04  SCV  
  18  1:16  SCV  
  19  1:33  Reaper, Orbital Command  
  20  1:45  Command Center  
  20  1:57  Supply Depot  
  20  1:59  SCV  
  21  2:08  Factory  
  21  2:10  Barracks Reactor  
  21  2:12  SCV  
  22  2:24  SCV  
  22  2:27  Supply Depot  
  23  2:38  SCV  
  24  2:57  Starport  
  24  3:00  Hellion x2  
  24  3:02  SCV  
  29  3:05  Refinery  
  29  3:07  Orbital Command  
  29  3:10  Supply Depot  
  29  3:16  SCV  
  30  3:24  Hellion x2  
  34  3:28  SCV  
  35  3:36  Viking  
  35  3:38  SCV  
  35  3:40  SCV  
  39  3:41  Refinery  
  39  3:45  Supply Depot  
  39  3:50  SCV  
  39  3:52  SCV  
  39  3:54  Factory  
  41  3:58  Liberator  
  41  4:00  Hellion  
  41  4:01  Hellion  
  41  4:02  SCV  
  48  4:18  SCV  
  48  4:22  Hellion  
  48  4:23  Hellion  
  39  4:39  SCV  
  39  4:43  Factory Tech Lab  
  39  4:45  Hellion  
  42  4:46  Marine  
  42  4:47  SCV  
  42  4:51  SCV  
  42  4:52  Engineering Bay  
  45  4:55  Supply Depot  
  45  4:59  SCV  
  43  5:20  Factory Tech Lab  
  39  5:21  Siege Tank  
  39  5:23  Medivac  
Show
View Real Time Build Order
Export as new Build Order

VLMorphism Terran - Winner!

Build Orders: 1/1/1 

Get SALT Encoding   

  12  0:00  SCV  
  13  0:12  SCV  
  14  0:17  Supply Depot  
  14  0:25  SCV  
  15  0:38  SCV  
  15  0:39  Barracks  
  16  0:44  Refinery  
  16  0:49  Refinery  
  16  0:53  SCV  
  17  1:05  SCV  
  18  1:17  SCV  
  19  1:29  Factory  
  19  1:30  Orbital Command  
  19  1:33  Barracks Tech Lab  
  19  1:46  Supply Depot  
  19  1:55  SCV  
  19  1:58  Reaper  
  21  2:07  SCV  
  22  2:15  Starport  
  22  2:19  SCV  
  23  2:24  Siege Tank  
  23  2:29  Supply Depot  
  26  2:31  SCV  
  27  2:43  SCV  
  28  2:49  Marine  
  29  2:52  Medivac  
  31  3:01  SCV  
  32  3:06  Siege Tank, Supply Depot  
  32  3:09  Marine  
  36  3:19  SCV  
  37  3:22  Viking  
  39  3:35  SCV  
  40  3:43  Barracks Reactor  
  40  3:45  Command Center, Hellion  
  40  3:47  SCV  
  43  3:57  Viking  
  43  3:59  SCV  
  43  4:00  Supply Depot  
  46  4:34  SCV  
  47  4:44  Siege Tank  
  47  4:45  Viking, Barracks  
  52  4:46  Barracks, SCV  
  52  4:48  Marine  
  52  4:49  Marine  
  55  5:15  Viking  
  57  5:23  SCV  
  58  5:32  Engineering Bay  
  58  5:35  SCV  
  62  5:51  Barracks Reactor  
  62  5:53  Barracks Reactor  
Tags
 
Add a new tag
Caveats
  • Supply blocks, unpowered buildings, or Contaminate may cause inaccurate times.
  • Supply counts are checked every 10 seconds.